 Dungeon Crawl Stone Soup version 0.20.0-9-g8272e65 (console) character file.

4225 Cab the Merchant of Misery (level 10, -2/63 HPs)
             Began as a Demonspawn Necromancer on June 3, 2017.
             Was a Believer of Kikubaaqudgha.
             Slain by a catoblepas (11 damage)
             ... on level 1 of the Lair of Beasts.
             The game lasted 00:56:54 (9805 turns).

Cab the Merchant of Misery (Demonspawn Necromancer) Turns: 9805, Time: 00:56:54

Health: -2/63      AC:  8    Str:  9    XL:     10   Next: 9%
Magic:  12/22      EV:  2    Int: 20    God:    Kikubaaqudgha [**....]
Gold:   476        SH:  0    Dex: 13    Spells: 10/25 levels left

rFire    . . .     SeeInvis .   a - +2 short sword (venom)
rCold    . . .     Gourm    +   (no shield)
rNeg     + + +     Faith    .   k - +2 robe {MR+}
rPois    ∞         Spirit   .   f - +0 helmet
rElec    .         Reflect  .   (no cloak)
rCorr    .         Harm     .   (no gloves)
MR       +....                  F - +0 pair of boots
Stlth    +++.......             m - amulet of the gourmand
Regen    0.2/turn               (no ring)
MPRegen  0.2/turn               u - ring of stealth

@: petrified
A: claws 1, yellow scales 1, demonic guardian 1, powered by death 2
a: Receive Corpses, Renounce Religion


You were on level 1 of the Lair of Beasts.
You worshipped Kikubaaqudgha.
Kikubaaqudgha was pleased with you.
You were very full.

You visited 3 branches of the dungeon, and saw 10 of its levels.

You collected 572 gold pieces.
You spent 96 gold pieces at shops.

Inventory:

Hand Weapons
 a - a +2 short sword of venom (weapon)
Armour
 f - a +0 helmet (worn)
 k - a +2 robe of magic resistance (worn)
 r - a +0 robe
 F - a +0 pair of boots (worn)
Magical Staves
 b - an uncursed staff of energy
 L - an uncursed staff of death
Jewellery
 m - an amulet of the gourmand (around neck)
 u - a ring of stealth (right claw)
Wands
 x - a wand of polymorph (7/24)
 B - a wand of iceblast (12/15)
 E - a wand of lightning (6/15)
 G - a wand of flame (31/48)
 J - a wand of disintegration (20/24)
Scrolls
 d - a scroll of random uselessness {unknown}
 h - 2 scrolls of recharging {unknown}
 o - 6 scrolls of remove curse
 p - a scroll of amnesia {unknown}
 t - 4 scrolls of teleportation {unknown}
 y - 2 scrolls of fear {unknown}
 A - 3 scrolls of immolation {unknown}
 K - a scroll of vulnerability {unknown}
Potions
 e - 3 potions of heal wounds
 i - a potion of might
 l - 2 potions of ambrosia
 n - 3 potions of flight
 q - a potion of invisibility
 v - a potion of resistance
 w - 2 potions of agility
 C - 4 potions of curing
 H - a potion of brilliance {unknown}
Books
 j - Kikubaaqudgha's Tome of Evil Rites
   (Kikubaaqudgha gifted it to you on level 5 of the Dungeon)

   Spells                             Type                      Level
   a - Pain                           Necromancy                   1
   b - Corpse Rot                     Necromancy                   2
   c - Sublimation of Blood           Necromancy                   2
   d - Vampiric Draining              Necromancy                   3
   e - Control Undead                 Necromancy                   4
 D - a book of Changes

   Spells                             Type                      Level
   a - Beastly Appendage              Transmutation                1
   b - Sticks to Snakes               Transmutation                2
   c - Spider Form                    Transmutation/Poison         3
   d - Ice Form                       Ice/Transmutation            4
   e - Blade Hands                    Transmutation                5
 I - a book of Necromancy

   Spells                             Type                      Level
   a - Pain                           Necromancy                   1
   b - Animate Skeleton               Necromancy                   1
   c - Vampiric Draining              Necromancy                   3
   d - Regeneration                   Charms/Necromancy            3
   e - Animate Dead                   Necromancy                   4
   f - Control Undead                 Necromancy                   4
Comestibles
 c - 6 bread rations
 g - 2 fruits
 s - 5 meat rations
 z - 2 royal jellies


   Skills:
 - Level 1.7 Dodging
 - Level 1.7 Stealth
 + Level 8.1 Spellcasting
 + Level 13.0 Necromancy
 * Level 2.3 Evocations


You had 10 spell levels left.
You knew the following spells:

 Your Spells              Type           Power        Failure   Level  Hunger
a - Pain                  Necr           ####         1%          1    None
b - Vampiric Draining     Necr           ######....   1%          3    None
c - Animate Dead          Necr           N/A          1%          4    ###....
d - Control Undead        Necr           ######....   1%          4    ###....
e - Regeneration          Chrm/Necr      ####......   1%          3    None


Dungeon Overview and Level Annotations

Branches:
Dungeon (8/15)             Temple (1/1) D:4            Lair (1/6) D:8

Altars:
Ashenzari
Dithmenos
Elyvilon
Gozag
Hepliaklqana
Kikubaaqudgha
Makhleb
Okawaru
Ru
Sif Muna
Trog
Xom
Yredelemnul
Zin
The Shining One

Shops:
D:4 [   D:6 [


Innate Abilities, Weirdness & Mutations

You have sharp fingernails.
You are partially covered in yellow scales. (AC +2)
A weak demonic guardian rushes to your aid.
You regenerate health from kills.


Message History

You feel life coursing into your body.
You are engulfed in calcifying dust.
You are slowing down.
Your ufetubus disappears in a puff of smoke!
The catoblepas barely misses you.
Casting: Vampiric Draining
Confirm with . or Enter, or press ? or * to list all spells.
Aiming: Vampiric Draining
Press: ? - help, Shift-Dir - straight line, f/p - catoblepas
Aim: a catoblepas (heavily wounded)
The catoblepas is severely wounded.
You feel life coursing into your body.
You are engulfed in calcifying dust.
Your limbs have turned to stone.
The catoblepas barely misses you.
You have turned to stone.
You are engulfed in calcifying dust.
The catoblepas gores you!
You are engulfed in calcifying dust.
The catoblepas gores you!
You are engulfed in calcifying dust.
The catoblepas gores you!!
* * * LOW HITPOINT WARNING * * *
The catoblepas gores you!!
You die...
Kikubaaqudgha rasps: "You have failed me!
Welcome... oblivion!"

▒∙∙∙∙▒∙∙∙∙∙▒∙∙∙∙P▒
▒▒∙∙∙▒▒▒▒
▒∙∙∙▒∙∙∙∙∙∙▒▒∙∙∙▒▒
▒▒∙∙▒▒▒▒
∙∙∙▒▒▒∙∙∙∙∙▒▒▒∙∙∙▒▒
▒∙∙∙▒P∙ ∙∙▒▒ ▒∙∙∙∙∙▒
▒∙∙∙∙▒▒▒ ▒P∙∙∙∙∙ ∙▒▒
▒∙∙∙∙∙▒ ▒▒▒∙∙∙∙▒ ▒▒∙∙∙∙∙
▒▒ ▒∙∙∙∙∙▒ ▒▒▒▒∙∙∙▒▒
▒▒▒∙∙▒▒P ▒▒▒▒▒P
∙∙∙∙▒▒∙▒▒▒∙∙∙▒▒▒▒▒P∙∙∙∙▒▒


∙∙∙∙∙∙∙ ∙∙∙∙∙>∙∙∙∙∙∙∙∙∙∙∙∙∙>∙∙∙∙ ∙∙∙∙∙∙∙ ∙∙∙∙∙∙∙@Y∙∙∙∙∙∙∙∙∙∙∙∙∙∙∙ ∙∙∙∙∙∙∙
∙∙∙∙∙∙∙∙∙∙∙∙∙∙∙∙∙∙∙∙∙∙∙∙ ∙∙∙∙∙∙∙ ∙∙∙∙∙∙∙∙∙∙∙∙∙∙∙∙<∙∙∙∙∙∙∙ ∙∙∙∙∙∙∙
∙∙∙∙∙∙∙∙∙∙∙∙∙∙∙∙∙∙∙∙∙∙∙∙ ▒▒▒P▒▒∙ ∙∙▒▒▒▒▒▒∙∙∙∙▒∙▒▒∙▒▒∙∙∙∙▒ ▒ ▒▒ ∙
∙∙∙∙▒▒▒▒▒▒▒▒∙∙∙∙∙ ∙▒ ∙∙∙∙∙▒ ▒▒∙∙∙∙∙ ∙∙▒ ▒∙∙∙▒▒▒ ▒▒∙∙∙▒P▒ ∙∙∙ ∙∙∙▒ ▒∙∙∙∙▒▒▒ You
could see a catoblepas.

Vanquished Creatures
  A spiny frog (Lair:1)
  A komodo dragon (Lair:1)
  A hippogriff (D:5)
  Sigmund (D:2)
  3 yaks (Lair:1)
  A water moccasin (Lair:1)
  A porcupine (Lair:1)
  Duvessa (D:5)
  2 orc warriors
  2 sky beasts
  4 wolves (D:8)
  3 ogres
  2 centaurs
  3 bullfrogs
  A scorpion (D:3)
  3 killer bees (D:7)
  4 crimson imps
  A bullfrog zombie (D:6)
  2 hounds
  3 orc priests
  An iguana (D:5)
  4 orc wizards
  3 worker ants
  A hound skeleton (D:6)
  12 gnolls
  2 adders
  2 shadow imps
  5 worms
  2 dart slugs
  A leopard gecko (D:4)
  15 orcs
  2 ball pythons
  A giant cockroach (D:3)
  15 goblins
  15 hobgoblins
  8 jackals
  8 kobolds
  2 quokkas
  6 bats
  A frilled lizard (D:2)
  A leopard gecko zombie (D:7)
  A quokka skeleton (D:5)
  4 rats
152 creatures vanquished.

Vanquished Creatures (collateral kills)
  A hippogriff (Lair:1)
  A yak (Lair:1)
  Grum (D:8)
  A sky beast (D:5)
  An ice beast (D:4)
  2 ogres
  Dowan (D:5)
  3 crimson imps
  A bullfrog zombie (D:4)
  A hound (D:8)
  An orc wizard (D:8)
  A worker ant (D:5)
  A worker ant zombie (D:5)
  An ooze (D:5)
  An adder skeleton (D:5)
  An adder zombie (D:6)
  A worm (D:4)
  3 orcs
  A quokka (D:5)
  A frilled lizard (D:5)
  A quokka skeleton (D:4)
  A plant (Lair:1)
27 creatures vanquished.

Vanquished Creatures (others)
  A fungus (Lair:1)
1 creature vanquished.

Grand Total: 180 creatures vanquished

Notes
Turn   | Place    | Note
-------+----------+-------------------------------------------
     0 | D:1      | Cab the Demonspawn Necromancer began the quest for the Orb.
     0 | D:1      | Reached XP level 1. HP: 13/13 MP: 3/3
   276 | D:1      | Gained mutation: You have sharp fingernails. [demonic ancestry]
   276 | D:1      | Reached XP level 2. HP: 14/19 MP: 1/5
   384 | D:1      | Reached skill level 5 in Necromancy
  1384 | D:2      | Gained mutation: You regenerate a little health from kills. [demonic ancestry]
  1384 | D:2      | Reached XP level 3. HP: 19/24 MP: 1/6
  1547 | D:2      | Noticed Sigmund
  1565 | D:2      | Killed Sigmund
  1565 | D:2      | Reached skill level 7 in Necromancy
  1565 | D:2      | Gained mutation: You are partially covered in yellow scales. (AC +2) [demonic ancestry]
  1565 | D:2      | Reached XP level 4. HP: 12/30 MP: 0/7
  1565 | D:2      | Reached XP level 5. HP: 14/35 MP: 0/8
  1636 | D:2      | Learned a level 3 spell: Vampiric Draining
  3092 | D:3      | Reached skill level 8 in Necromancy
  3119 | D:3      | Reached XP level 6. HP: 19/41 MP: 1/9
  3192 | D:3      | Learned a level 4 spell: Animate Dead
  3245 | D:3      | Found a glowing silver altar of Zin.
  3245 | D:3      | Found a deep blue altar of Sif Muna.
  3619 | D:4      | HP: 2/41 [orc priest/nerve-wracking pain (10)]
  3868 | D:4      | Found a staircase to the Ecumenical Temple.
  3933 | Temple   | Entered the Ecumenical Temple
  3964 | Temple   | Became a worshipper of Kikubaaqudgha
  4041 | D:4      | HP: 1/41 [ogre/giant club (21)]
  4051 | D:4      | Reached skill level 9 in Necromancy
  4051 | D:4      | Gained mutation: A weak demonic guardian rushes to your aid. [demonic ancestry]
  4051 | D:4      | Reached XP level 7. HP: 3/46 MP: 0/10
  4549 | D:4      | Reached skill level 10 in Necromancy
  4722 | D:4      | Found Ephe's Antique Armour Shop.
  4729 | D:4      | Bought a glowing robe for 96 gold pieces
  4774 | D:5      | Entered Level 5 of the Dungeon
  4781 | D:5      | Noticed a hippogriff
  4804 | D:5      | Killed a hippogriff
  5078 | D:5      | Noticed Duvessa
  5081 | D:5      | Noticed Dowan
  5087 | D:5      | Killed Duvessa
  5087 | D:5      | Reached * piety under Kikubaaqudgha
  5087 | D:5      | Identified Kikubaaqudgha's Tome of Evil Rites (Kikubaaqudgha gifted it to you on level 5 of the Dungeon)
  5087 | D:5      | Received a gift from Kikubaaqudgha
  5087 | D:5      | Gained mutation: You regenerate health from kills. [demonic ancestry]
  5087 | D:5      | Reached XP level 8. HP: 49/52 MP: 6/12
  5101 | D:5      | Killed Dowan
  5403 | D:5      | Reached skill level 11 in Necromancy
  6126 | D:6      | Found Plog's Armour Boutique.
  6520 | D:6      | Reached skill level 5 in Spellcasting
  7012 | D:7      | Reached XP level 9. HP: 49/57 MP: 13/17
  7139 | D:7      | Reached skill level 12 in Necromancy
  7388 | D:7      | Reached ** piety under Kikubaaqudgha
  7831 | D:7      | Found an iron altar of Okawaru.
  8024 | D:8      | Noticed Grum
  8043 | D:8      | Killed Grum
  8699 | D:8      | Found a staircase to the Lair.
  8792 | Lair:1   | Entered Level 1 of the Lair of Beasts
  8833 | Lair:1   | Noticed a spiny frog
  8841 | Lair:1   | Killed a spiny frog
  8841 | Lair:1   | Reached skill level 1 in Evocations
  9045 | Lair:1   | Learned a level 4 spell: Control Undead
  9049 | Lair:1   | Learned a level 3 spell: Regeneration
  9203 | Lair:1   | Reached XP level 10. HP: 49/63 MP: 13/21
  9460 | Lair:1   | Reached skill level 13 in Necromancy
  9785 | Lair:1   | Noticed a catoblepas
  9795 | Lair:1   | HP: 2/63 [catoblepas (28)]
  9805 | Lair:1   | Slain by a catoblepas

Skill      XL: |  1  2  3  4  5  6  7  8  9 10 |
---------------+-------------------------------+-----
Necromancy     | 5 7 8 9 10 11 12 13 | 13.0
Spellcasting   | 3 5 7 8 |  8.1
Evocations     | 2 |  2.3
Dodging        | |  1.7
Stealth        | |  1.7

Action                   |  1- 3 |  4- 6 |  7- 9 | 10-12 || total
-------------------------+-------+-------+-------+-------++-------
Melee: Unarmed           |     6 |    53 |   182 |       ||   241
       Short sword       |       |       |   212 |     5 ||   217
 Cast: Pain              |    49 |    98 |   136 |     9 ||   292
       Vampiric Draining |       |     5 |    33 |     7 ||    45
       Animate Dead      |       |     1 |    15 |     2 ||    18
       Regeneration      |       |       |     1 |     1 ||     2
Invok: Receive Corpses   |       |       |     1 |       ||     1
Evoke: Staff of energy   |       |       |     7 |       ||     7
  Use: Potion            |     2 |     1 |     1 |     1 ||     5
       Scroll            |       |     4 |     7 |       ||    11
 Stab: Distracted        |       |       |     3 |       ||     3
       Sleeping          |       |       |     2 |       ||     2
  Eat: Chunk             |     3 |     9 |    25 |     3 ||    40
       Fruit             |       |       |     8 |       ||     8
Armor: Robe              |     8 |    17 |   159 |     2 ||   186
Dodge: Dodged            |    25 |    39 |   249 |     3 ||   316
